 Dungeon Crawl Stone Soup version 0.29-a0-362-g5854e031c7 (webtiles) character file.

Game seed: 3522240441007399764

81 spaghetti the Slasher (level 4, -13/28 HPs)
             Began as a Tengu Berserker on Apr 29, 2022.
             Was a Believer of Trog.
             Mangled by Crazy Yiuf
             ... wielding a +3 quarterstaff of chaos
              (15 damage)
             ... on level 2 of the Dungeon.
             The game lasted 00:04:08 (2532 turns).

spaghetti the Slasher (Tengu Berserker)             Turns: 2532, Time: 00:04:08

Health: -13/28     AC:  2    Str: 17    XL:     4   Next: 42%
Magic:  5/5        EV: 13    Int:  8    God:    Trog [**....]
Gold:   96         SH:  0    Dex: 15    Spells: 3/3 levels left

rFire   . . .      SeeInvis .   a - +0 falchion {long}
rCold   . . .      Faith    .   (no shield)
rNeg    . . .      Spirit   .   b - +0 animal skin
rPois   .          Reflect  .   (helmet restricted)
rElec   .          Harm     .   (no cloak)
rCorr   .          Rampage  .   (no gloves)
Will    .....                   (boots unavailable)
Stlth   +.........              (no amulet)
HPRegen 0.09/turn               (no ring)
MPRegen 0.09/turn               (no ring)

@: on berserk cooldown, slowed, very slow
A: beak, talons 3
a: Renounce Religion, Berserk, Trog's Hand


You were on level 2 of the Dungeon.
You worshipped Trog.
Trog was pleased with you.
You visited 1 branch of the dungeon, and saw 2 of its levels.

You collected 96 gold pieces.


Innate Abilities, Weirdness & Mutations

You have a beak for a mouth.
You have claws for feet.


   Skills:
 + Level 3.1 Fighting
 * Level 4.2 Long Blades
 + Level 0.6 Throwing
 + Level 2.4 Armour
 * Level 3.6 Dodging


You had 3 spell levels left.
You didn't know any spells.
Your spell library was empty.

Inventory:

Hand Weapons
 a - a +0 falchion (weapon) {long}
Missiles
 e - 89 stones (quivered) {throwing}
 j - a throwing net {=f!fthrowing}
Armour
 b - a +0 animal skin (worn)
Scrolls
 c - a scroll of holy word {unknown}
 d - a scroll of teleportation {unknown}
 g - a scroll of identify {unknown}
 h - a scroll of vulnerability {unknown}
 i - a scroll of summoning {unknown}
Potions
 f - 2 potions of haste {unknown}
 k - a potion of brilliance {unknown}
 l - a potion of berserk rage {unknown}

Dungeon Overview and Level Annotations

Branches:
Dungeon (2/15)

Altars:
Beogh

Annotations:
D:2 Crazy Yiuf

##...#
#..##.###
##.##
#.†##.#####
##.#
##......†...
#.##
#.........##
##.#
###.#####.#
#.##
##.#####.#
##'##
##.#.##.#.#
#.g.#
#.###.....##
#.@.#
##.#........
#)..#
##.##......
#####
#####.####
###


You could see Crazy Yiuf.


Message History

You are too injured to fight recklessly!
You are too injured to fight recklessly!
You are too injured to fight recklessly!
You are too injured to fight recklessly!
Unknown command.
You hit the quokka.
You kill the quokka!
Trog accepts your kill.
You hit the endoplasm but do no damage. Your kick misses the endoplasm.
You peck the endoplasm.
You kill the endoplasm!
Trog accepts your kill. 😕 HP[+1]
You see here a quokka corpse.
e - 86 stones {throwing} (gained 1)
e - 87 stones {throwing} (gained 1)
A quokka comes into view. 😎 HP[+2]
Your hp is fully restored (28).
A quokka is nearby!
A quokka is nearby!
You throw a stone {throwing}. The stone {throwing} hits the quokka.
You throw a stone {throwing}.
The stone {throwing} closely misses the quokka.
You closely miss the quokka. The quokka barely misses you.
You closely miss the quokka. You peck the quokka.
The quokka barely misses you. x2
You hit the quokka.
You kill the quokka!
Trog accepts your kill.
No target in view!
No target in view!
No target in view!
No target in view!
No target in view!
No target in view!
No target in view!
No target in view!
No target in view!
No target in view!
No target in view!
No target in view!
No target in view!
No target in view!
No target in view!
Found an escape hatch in the ceiling.
e - 86 stones {throwing} (gained 1)
e - 87 stones {throwing} (gained 1)
e - 89 stones {throwing} (gained 2)
You now have 87 gold pieces (gained 8).
Key pressed, stopping explore.
You now have 96 gold pieces (gained 9).
Key pressed, stopping explore.
Crazy Yiuf laughs, "Walk infinity tea!"
As you open the door, it creaks loudly!
Crazy Yiuf zaps a wand.
The puff of flame hits you! 😮 HP[-8]
You take 8 damage, and now have 20/28 hp.
MASSIVE DAMAGE!! (PAUSE)
A red film seems to cover your vision as you go berserk!
You feel yourself moving faster!
You feel mighty!
Crazy Yiuf cries, "You leg down broken song, no?"
Crazy Yiuf zaps a wand.
The puff of flame hits you!
* * * LOW HITPOINT WARNING * * *
😨 HP[+1]
You now have 42 max hp (+14).
You feel a strong urge to attack something.
Crazy Yiuf hits you with a +3 quarterstaff of chaos!
* * * LOW HITPOINT WARNING * * *
You are confused.
There is an open translucent door here. 😨 HP[-10]
You take 10 damage, and now have 11/42 hp.
MASSIVE DAMAGE!! (PAUSE) Unknown command.
You are too berserk!
You bump into the stone wall.
You feel your anger nearly subside.
Crazy Yiuf hits you with a +3 quarterstaff of chaos.
* * * LOW HITPOINT WARNING * * *
Crazy Yiuf burns you.
* * * LOW HITPOINT WARNING * * *
😱 HP[-8]
You take 8 damage, and now have 3/42 hp.
Unknown command.
Unknown command.
You bump into the stone wall.
You are no longer berserk.
You are exhausted.
You feel yourself slow down. 😱 HP[-1]
You now have 28 max hp (-14).
Unknown command.
Unknown command.
Unknown command.
You feel less confused.
Crazy Yiuf hits you with a +3 quarterstaff of chaos!
Ouch! That really hurt!
You die...

Skill      XL: |  1  2  3 |
---------------+----------+-----
Dodging        | 3 |  3.6
Long Blades    | 4 |  4.2
Fighting       | |  3.1
Throwing       | |  0.6
Armour         | |  2.4

Action                   |  1- 3 |  4- 6 || total
-------------------------+-------+-------++-------
Melee: Falchion          |    67 |    22 ||    89
       Peck              |    12 |     5 ||    17
       Kick              |    11 |     4 ||    15
       Punch             |     1 |       ||     1
Throw: Stone             |    36 |    35 ||    71
Invok: Berserk           |     1 |     1 ||     2
 Stab: Sleeping          |     1 |       ||     1
Armor: Animal skin       |    15 |     5 ||    20
Dodge: Dodged            |    41 |     7 ||    48

Levels and vault maps discovered:
D:1:      matt_arrival_grand_opening, layout_basic,
          hellmonk_ecumenical_altar_defaced_shrine
D:2:      layout_loops_ring, minmay_misc_feat_iff, minmay_distorted,
          uniq_crazy_yiuf_cottage

Notes
Turn   | Place    | Note
-------+----------+-------------------------------------------
     0 | D:1      | spaghetti the Tengu Berserker began the quest for the Orb.
     0 | D:1      | Reached XP level 1. HP: 14/14 MP: 2/2
     0 | D:1      | magus.rc [v1.9.6]
    14 | D:1      | HP: 2/14 [quokka (3)]
   696 | D:1      | Reached XP level 2. HP: 15/19 MP: 3/3
  1316 | D:1      | Reached skill level 3 in Dodging
  1425 | D:1      | Reached XP level 3. HP: 23/23 MP: 4/4
  1443 | D:1      | Reached skill level 4 in Long Blades
  1489 | D:1      | Found a faded altar of an unknown god.
  1652 | D:2      | Reached ** piety under Trog
  1662 | D:2      | Reached XP level 4. HP: 18/28 MP: 5/5
  2485 | D:2      | Found a runed translucent door.
  2486 | D:2      | Noticed Crazy Yiuf
  2530 | D:2      | HP: 5/42 [Crazy Yiuf/+3 quarterstaff of chaos (6)]
  2532 | D:2      | Mangled by Crazy Yiuf

Vanquished Creatures
  A hound (D:2)
  An adder (D:2)
  4 ball pythons
  A bat (D:1)
  5 endoplasms
  5 giant cockroaches
  3 goblins (D:1)
  5 hobgoblins
  5 kobolds
  4 quokkas
  3 rats
37 creatures vanquished.

Vanquished Creatures (others)
  A fungus (D:2)
1 creature vanquished.

Grand Total: 38 creatures vanquished

Table legend:
 A = Non-vault XP
 B = Vault XP
 C = Vault XP percentage of total XP
 D = Non-vault monster count
 E = Vault monster count
 F = Vault count percentage of total count
                 A         B        C        D         E       F
            +---------+---------+-------+---------+---------+-------
      Total |      95 |      22 |  18.8 |      31 |       6 |  16.2
            +---------+---------+-------+---------+---------+-------
        D:1 |      32 |       5 |  13.5 |      19 |       3 |  13.6
        D:2 |      63 |      17 |  21.2 |      12 |       3 |  20.0
            +---------+---------+-------+---------+---------+-------

Illustrated notes

Table legend:
 A = Kills in this place as a percentage of kills in entire the game.
 B = Kills by you in this place as a percentage of kills by you in the entire game.
 C = Kills by friends in this place as a percentage of kills by friends in the entire game.
 D = Other kills in this place as a percentage of other kills in the entire game.
 E = Experience gained in this place as a percentage of experience gained in the entire game.
 F = Experience gained in this place divided by the number of levels of this place that you have seen.
                   A       B       C       D       E      F
               +-------+-------+-------+-------+-------+----------------------
         Total | 100.0 | 100.0 |   N/A |   N/A | 100.0 |  58.5
       Dungeon | 100.0 | 100.0 |   N/A |   N/A | 100.0 |  58.5
               +-------+-------+-------+-------+-------+----------------------

Table legend: (Time is in decaauts)
 A = Elapsed time spent in this place.
 B = Non-inter-level travel time spent in this place.
 C = Inter-level travel time spent in this place.
 D = Time resting spent in this place.
 E = Time spent auto-exploring this place.
 F = Levels seen in this place.
 G = Mean time per level.
                   A        B        C        D        E       F      G
               +--------+--------+--------+--------+--------+-----+--------+
         Total |   2557 |   2539 |     18 |    580 |   1698 |   2 | 1278.5 |
       Dungeon |   2557 |   2539 |     18 |    580 |   1698 |   2 | 1278.5 |
               +--------+--------+--------+--------+--------+-----+--------+

Top non-repeatable levels by time:
     D:1: 1614 daAuts
     D:2: 942 daAuts
